[Event "*** Titled Tuesday Blitz"]
[Site "Chess.com"]
[Date "2020.03.03"]
[Round "4"]
[White "MikaelyanArman"]
[Black "Babas"]
[Result "1-0"]
[WhiteElo "2651"]
[BlackElo "2383"]
[TimeControl "180+1"]
[EndTime "9:41:02 PST"]
[Termination "MikaelyanArman won by resignation"]

1. e4 e5 2. Nf3 Nc6 3. Nc3 Nf6 4. Be2 d5 5. exd5 Nxd5 6. O-O Nxc3 7. bxc3 Bd6 8. d4 O-O 9. Bg5 f6 10. Be3 e4 11. Nd2 f5 12. f4 Kh8 13. c4 Be7 14. d5 Nb8 15. Nb3 Bf6 16. Rb1 c6 17. d6 Be6 18.
Nc5 Bc8 19. Nxb7 Bxb7 20. Rxb7 Nd7 21. c5 Qc8 22. Ba6 Qd8 23. Qd2 Rb8 24. Rfb1 Rxb7 25. Rxb7 Re8 26. Qb4 g5 27. fxg5 Bxg5 28. Bxg5 Qxg5 29.
Rxd7 Qe3+ 30. Kf1 Qc1+ 31. Qe1 Qf4+ 32. Kg1 Qe5 33. Re7 Qxc5+ 34. Qf2 Rxe7 35. Qxc5 1-0

[Event "*** Titled Tuesday Blitz"]
[Site "Chess.com"]
[Date "2020.03.03"]
[Round "4"]
[White "artooon"]
[Black "Touching3200"]
[Result "0-1"]
[WhiteElo "2750"]
[BlackElo "2409"]
[TimeControl "180+1"]
[EndTime "9:41:03 PST"]
[Termination "Touching3200 won by checkmate"]

1. e4 c6 2. d4 d5 3. e5 c5 4. dxc5 e6 5. Be3 Nd7 6. Bb5 a6 7. Ba4 Ne7 8. Nf3 Nf5 9. b4 Nxe3 10. fxe3 a5 11. c3 g6 12. O-O Bg7 13. Qd4 O-O 14.
Bxd7 Bxd7 15. Nbd2 f6 16. exf6 Bxf6 17. Ne5 axb4 18. cxb4 Bb5 19. Rf2 Qe7 20. Ndf3 Ra4 21. Qd2 Qc7 22. Qd4 Bg7 23. Re1 Rf5 24. Qh4 Bxe5 25.
Nxe5 Rxf2 26. Kxf2 Qxe5 27. Qd8+ Kf7 28. Kg1 Rxa2 29.
Qc8 Ra1 30. Qxb7+ Kf6 31. Rxa1 Qxa1+ 32. Kf2 Qf1+ 33. Kg3 Qe1+ 34. Kg4 h5+ 35. Kh3 Qxe3+ 36. Kh4 Qg5+ 37. Kh3 Qg4# 0-1

[Event "*** Titled Tuesday Blitz"]
[Site "Chess.com"]
[Date "2020.03.03"]
[Round "4"]
[White "LarissaSteenbekkers"]
[Black "ahachess"]
[Result "0-1"]
[WhiteElo "1832"]
[BlackElo "2229"]
[TimeControl "180+1"]
[EndTime "9:41:04 PST"]
[Termination "ahachess won by checkmate"]

1. e4 c5 2. Nc3 d6 3. f4 Nc6 4.
Nf3 g6 5. Bb5 Bg7 6. O-O Bd7 7.
Bc4 e6 8. f5 Nf6 9. fxe6 fxe6 10. Ng5 Qe7 11. d3 O-O 12. Bf4 a6 13. a4 Nh5 14.
Be3 Nd4 15. Ne2 b5 16. Ba2 h6 17. Nf3 Nxf3+ 18. Rxf3 Rxf3 19. gxf3 Rf8 20. Ng3 Nf4 21. Qd2 Nh3+ 22. Kg2 Qh4 23. axb5 axb5 24. Bb3 Kh7 25. Ra7 Rf7 26. c3 Be8 27. Ra8 Bd7 28.
Ra7 Be8 29. Ra8 Re7 30. d4 c4 31.
Bc2 e5 32. d5 Bd7 33. Bb6 Rf7 34. Bd8 Nf4+ 35. Kg1 Bf6 36. Bxf6 Qxf6 37. Rb8 Nh3+ 38. Kg2 Qxf3# 0-1

[Event "*** Titled Tuesday Blitz"]
[Site "Chess.com"]
[Date "2020.03.03"]
[Round "4"]
[White "FairChess_on_YouTube"]
[Black "GianmarcoVaR"]
[Result "1-0"]
[WhiteElo "3040"]
[BlackElo "2556"]
[TimeControl "180+1"]
[EndTime "9:41:05 PST"]
[Termination "FairChess_on_YouTube won by resignation"]

1. e4 c6 2. Nc3 d5 3. Nf3 Bg4 4. h3 Bxf3 5. Qxf3 e6 6. g3 Nf6 7.
Bg2 Nxe4 8. Nxe4 dxe4 9. Qxe4 Qd5 10. Qxd5 cxd5 11. c4 Nc6 12. cxd5 Nb4 13. Ke2 Nxd5 14. Bxd5 exd5 15. b3 Kd7 16. Bb2 f6 17. g4 Bd6 18.
Kd3 Be5 19. Bc3 h5 20. Rae1 Rae8 21. f3 h4 22. Re2 Bg3 23. Bd4 Rxe2 24. Kxe2 Rc8 25.
Kd3 b6 26. Rf1 Be5 27. Be3 f5 28. f4 Bf6 29. gxf5 Rh8 30. Rg1 Rh5 31. Bd4 Rxf5 32. Bxf6 gxf6 33. Ke3 a5 34. Rg7+ Kd6 35. Rh7 a4 36. d4 axb3 37. axb3 Kc6 38. Kf3 Rh5 39. Rxh5 1-0

[Event "*** Titled Tuesday Blitz"]
[Site "Chess.com"]
[Date "2020.03.03"]
[Round "4"]
[White "SanchezKelvin"]
[Black "Rubinstein_Akiba"]
[Result "0-1"]
[WhiteElo "2331"]
[BlackElo "2617"]
[TimeControl "180+1"]
[EndTime "9:41:05 PST"]
[Termination "Rubinstein_Akiba won by resignation"]

1. d4 Nf6 2. c4 e6 3. Nf3 d5 4. Nc3 Bb4 5. Qa4+ Nc6 6. e3 O-O 7. Bd2 Bd7 8. Qc2 a5 9. a3 Bxc3 10. Bxc3 Ne4 11. Bd3 Nxc3 12. Qxc3 Ne7 13. Ne5 c6 14. f4 f6 15. Nf3 Nf5 16. Qd2 Qe7 17. g4 Nd6 18. c5 Ne4 19. Qg2 e5 20. fxe5 fxe5 21. Bxe4 exd4 22. Bf5 Bxf5 23. gxf5 Qxe3+ 24. Qe2 Rae8 0-1

[Event "*** Titled Tuesday Blitz"]
[Site "Chess.com"]
[Date "2020.03.03"]
[Round "4"]
[White "Sordis"]
[Black "Kobalia"]
[Result "0-1"]
[WhiteElo "2375"]
[BlackElo "2615"]
[TimeControl "180+1"]
[EndTime "9:41:09 PST"]
[Termination "Kobalia won by resignation"]

1. c4 c6 2. g3 d5 3. Nf3 Nf6 4. Bg2 Bg4 5. Ne5 Be6 6. cxd5 Bxd5 7. Nf3 c5 8. Nc3 Bc6 9. O-O Nbd7 10. d3 e6 11. a3 Be7 12. Rb1 a5 13. a4 O-O 14. Qb3 Nd5 15. Nxd5 Bxd5 16. Qc2 b6 17. e4 Bb7 18. Be3 Rc8 19. Rfd1 Nb8 20. d4 cxd4 21.
Qb3 Bxe4 22. Rxd4 Bd5 23. Qd1 Nc6 24. Rd3 Qc7 25. Nd4 Ne5 26. Nb5 Qb7 27. Bxd5 exd5 28. Rxd5 Rfd8 29. Nc3 Bf6 30. Bf4 Ng6 31. Be3 h6 32.
Qf3 Re8 33. Nb5 Ne5 34. Qd1 Rcd8 35. Nc3 Nc4 36. Bf4 Qa8 37. Kg2 Bxc3 38. bxc3 Rxd5 0-1

[Event "*** Titled Tuesday Blitz"]
[Site "Chess.com"]
[Date "2020.03.03"]
[Round "4"]
[White "korbul"]
[Black "Oleksandr_Bortnyk"]
[Result "0-1"]
[WhiteElo "2552"]
[BlackElo "2951"]
[TimeControl "180+1"]
[EndTime "9:41:10 PST"]
[Termination "Oleksandr_Bortnyk won by resignation"]

1. d4 d6 2. e4 Nf6 3. f3 Nbd7 4. c4 e5 5. d5 a5 6. Nc3 Be7 7. Bd3 Nc5 8. Bc2 Nfd7 9. Nge2 Bg5 10. O-O Bxc1 11.
Qxc1 h6 12. a3 a4 13. Nb5 Nb6 14. f4 Nxc4 15. f5 c6 16. dxc6 bxc6 17. Nbc3 Qb6 18. Kh1 Qxb2 19. Qd1 Ne3 20. Qxd6 Nd7 21. Ra2 Qb8 22. Qxb8 Rxb8 23. Rfa1 Nc5 24. Bxa4 Bd7 25. Bc2 Ke7 26. h3 Ra8 27. a4 Ra5 28. Kg1 Rb8 29. Kf2 Nxc2 30. Rxc2 Rb4 31. Ke3 Nxa4 32. Rca2 Nxc3 33.
Rxa5 Rxe4+ 34. Kd3 Rxe2 35. Kxc3 Bxf5 36. g4 Be6 37.
Kd3 Rh2 38. Rxe5 Rxh3+ 39. Kd4 Kd6 40. g5 c5+ 41. Ke4 Rh4+ 42. Kf3 Kxe5 43. Re1+ Kf5 0-1

[Event "*** Titled Tuesday Blitz"]
[Site "Chess.com"]
[Date "2020.03.03"]
[Round "4"]
[White "DACF2905"]
[Black "Mikhail_Golubev"]
[Result "0-1"]
[WhiteElo "2215"]
[BlackElo "2523"]
[TimeControl "180+1"]
[EndTime "9:41:10 PST"]
[Termination "Mikhail_Golubev won on time"]

1. c4 g6 2. Nc3 Bg7 3. d4 Nf6 4.
Nf3 O-O 5. g3 d6 6. Bg2 Nbd7 7.
O-O e5 8. dxe5 dxe5 9. e4 c6 10. Bg5 h6 11. Bxf6 Qxf6 12. b3 Qe7 13. Qc2 a5 14. Rad1 Nc5 15. h3 f5 16. Nh4 Qf6 17.
exf5 gxf5 18. Rfe1 Be6 19. Kh2 e4 20. Ne2 Nd3 21.
Rxd3 exd3 22. Qxd3 Rad8 23. Qc2 Qb2 24. Qxb2 Bxb2 25.
Nf4 Bc8 26. Re7 Rf7 27. Re2 Bf6 28. Nhg6 Kg7 29. Ne5 Re7 30. Nf3 Rxe2 31. Nxe2 Be6 32. Nf4 Bf7 33. Bf1 Bg5 34. Nd3 Bh5 0-1

[Event "*** Titled Tuesday Blitz"]
[Site "Chess.com"]
[Date "2020.03.03"]
[Round "4"]
[White "Jospem"]
[Black "Abdimalik_Abdisalimov"]
[Result "1-0"]
[WhiteElo "2926"]
[BlackElo "2802"]
[TimeControl "180+1"]
[EndTime "9:41:11 PST"]
[Termination "Jospem won by resignation"]

1. c4 c5 2. Nf3 Nc6 3. Nc3 g6 4. e3 Nf6 5. d4 cxd4 6. exd4 d5 7. cxd5 Nxd5 8. Qb3 e6 9. Bb5 Bg7 10.
O-O Ne7 11. Bg5 Bd7 12. Ne4 O-O 13. Qa3 f6 14. Bd2 a6 15. Bc4 b6 16. Rfe1 Kh8 17. Rad1 Nd5 18. Nc3 Nce7 19. Bb3 Re8 20. Ne4 Nf5 21.
Nd6 Nxd6 22. Qxd6 Qc7 23. Qxc7 Nxc7 24. h4 Rac8 25. Rc1 Bf8 26. Nh2 Kg7 27. Ng4 h5 28. Nh2 Kf7 29. Rc3 Nd5 30. Rf3 Ne7 31. g4 hxg4 32.
Nxg4 Nf5 33. h5 gxh5 34. Ne5+ Ke7 35. Rxf5 exf5 36. Nf7+ Be6 37. Bxe6 1-0

[Event "*** Titled Tuesday Blitz"]
[Site "Chess.com"]
[Date "2020.03.03"]
[Round "4"]
[White "Indianlad"]
[Black "kleinebeer98"]
[Result "1-0"]
[WhiteElo "2955"]
[BlackElo "2711"]
[TimeControl "180+1"]
[EndTime "9:41:12 PST"]
[Termination "Indianlad won by checkmate"]

1. c4 Nf6 2. Nc3 g6 3. e4 d6 4. d4 Bg7 5. f3 O-O 6. Nge2 c5 7.
d5 a6 8. a4 e6 9. Ng3 exd5 10.
cxd5 h5 11. Bg5 Qb6 12. Qd2 Nbd7 13. Be2 Re8 14. a5 Qc7 15. O-O Rb8 16. f4 b5 17.
e5 dxe5 18. f5 e4 19. fxg6 fxg6 20. Bf4 Qa7 21. Bxb8 Qxb8 22. Qg5 b4 23. Qxg6 bxc3 24. Nf5 Re7 25. Nxe7+ Kh8 26. Nf5 Bf8 27. bxc3 Qe5 28.
Bxh5 Bb7 29. Nh6 Bxh6 30. Qxh6+ Kg8 31. Bg6 Bxd5 32. Rf5 Qxc3 33. Raf1 Qd4+ 34. Kh1 e3 35.
Rg5 e2 36. Bh5# 1-0

[Event "*** Titled Tuesday Blitz"]
[Site "Chess.com"]
[Date "2020.03.03"]
[Round "4"]
[White "124chess"]
[Black "Terao90"]
[Result "1-0"]
[WhiteElo "2464"]
[BlackElo "2407"]
[TimeControl "180+1"]
[EndTime "9:41:15 PST"]
[Termination "124chess won on time"]

1. d4 Nf6 2. Bf4 e6 3. e3 b6 4. Nd2 Bb7 5. Ngf3 g6 6. Bd3 Bg7 7. O-O O-O 8. e4 d6 9. c3 h6 10. h3 Nbd7 11. Bh2 Re8 12. Qe2 e5 13. d5 Nh5 14. Ba6 Bxa6 15. Qxa6 Nc5 16. Qe2 a5 17. b4 axb4 18. cxb4 Nd7 19. a4 Nf4 20. Qc4 Kh7 21. a5 bxa5 22. bxa5 Nc5 23. Ra2 c6 24. dxc6 Qc7 25.
Bxf4 exf4 26. Qd5 Ra6 27. h4 Rxc6 28. h5 Be5 29. Nc4 Re7 30. Ncxe5 dxe5 31. Rc1 Rd6 32. Qc4 Rc6 33. Qb5 Ree6 34. Rac2 1-0

[Event "*** Titled Tuesday Blitz"]
[Site "Chess.com"]
[Date "2020.03.03"]
[Round "4"]
[White "cottage_cheese"]
[Black "GulamaliRises"]
[Result "0-1"]
[WhiteElo "2316"]
[BlackElo "2536"]
[TimeControl "180+1"]
[EndTime "9:41:16 PST"]
[Termination "GulamaliRises won on time"]

1. e4 c5 2. Nf3 e6 3. c3 d5 4. exd5 Qxd5 5. d4 Nf6 6. Na3 cxd4 7. Nb5 Qd8 8. Nbxd4 Be7 9. Be2 O-O 10. O-O a6 11. Ne5 Qc7 12. Ndf3 Rd8 13. Qc2 Nbd7 14. Bf4 Bd6 15. Nxd7 Bxf4 16. Nxf6+ gxf6 17. Rad1 Bd7 18. g3 Bh6 19. Nd4 Be8 20. Bf3 Rd6 21. Nb3 Rad8 22. Rxd6 Rxd6 23. Rd1 b5 24. Rxd6 Qxd6 25. Kg2 f5 26.
Nd4 Bd7 27. h4 Bg7 28. Ne2 e5 29. Ng1 e4 30. Be2 f4 31. Bh5 f3+ 0-1

[Event "*** Titled Tuesday Blitz"]
[Site "Chess.com"]
[Date "2020.03.03"]
[Round "4"]
[White "ArlanCabe"]
[Black "vladimirdamjanovic"]
[Result "0-1"]
[WhiteElo "2374"]
[BlackElo "2639"]
[TimeControl "180+1"]
[EndTime "9:41:18 PST"]
[Termination "vladimirdamjanovic won on time"]

1. e4 c5 2. Nf3 d6 3. Nc3 Nc6 4. d3 g6 5. g3 Bg7 6. Bg2 Bg4 7.
h3 Bxf3 8. Bxf3 e6 9. Bg2 Nge7 10. O-O O-O 11. Ne2 d5 12. c3 dxe4 13. dxe4 Qxd1 14.
Rxd1 Rfd8 15. Bg5 Kf8 16. Kf1 Ne5 17. b3 Rac8 18. Be3 b6 19. f4 N5c6 20. e5 f6 21.
exf6 Bxf6 22. Ke1 Nd5 23. Bd2 Rd7 24. Rac1 Rcd8 25. Bf3 b5 26. a3 c4 27. b4 a5 28.
Ra1 axb4 29. axb4 Nce7 30. Ra5 Nxc3 31. Nxc3 Rxd2 0-1

[Event "*** Titled Tuesday Blitz"]
[Site "Chess.com"]
[Date "2020.03.03"]
[Round "4"]
[White "Azeryahu"]
[Black "livestrong04"]
[Result "1-0"]
[WhiteElo "2845"]
[BlackElo "2406"]
[TimeControl "180+1"]
[EndTime "9:41:19 PST"]
[Termination "Azeryahu won on time"]

1. d4 Nf6 2. Nf3 g6 3. Bg5 Bg7 4.
Nbd2 O-O 5. e3 d5 6. Be2 c5 7. O-O b6 8. a4 Nc6 9. c3 Bb7 10. h3 Rc8 11. Bf4 Nd7 12. Bh2 e5 13. dxe5 Ndxe5 14. Nxe5 Nxe5 15. Nf3 Nc4 16. Qc2 Nd6 17. Rfd1 Qe7 18.
a5 Bc6 19. axb6 axb6 20. Ra6 Rfe8 21. Rxb6 Ne4 22. Rxc6 Rxc6 23. Bb5 Qb7 24. Bxc6 Qxc6 25. Nd2 c4 26. Nf3 h5 27. Nd4 Qf6 28. Qe2 Nc5 29. Nf3 Nd3 30. Ne1 Nc5 31. Rxd5 Ne4 32. Nf3 Ra8 33. Rd1 Ra2 34. Qxc4 Rxb2 35. Qxe4 1-0

[Event "*** Titled Tuesday Blitz"]
[Site "Chess.com"]
[Date "2020.03.03"]
[Round "4"]
[White "norwaytoadog"]
[Black "lestri"]
[Result "0-1"]
[WhiteElo "2249"]
[BlackElo "2494"]
[TimeControl "180+1"]
[EndTime "9:41:19 PST"]
[Termination "lestri won by resignation"]

1. e4 d6 2. d4 Nf6 3. Nc3 e5 4. Nf3 Nbd7 5. g3 Be7 6. Bg2 O-O 7. O-O c6 8. a4 b6 9. h3 a6 10. Be3 Bb7 11. dxe5 dxe5 12. Nh4 g6 13. Qe2 b5 14. a5 Qc7 15. f4 Bb4 16. Nf3 Bxc3 17. bxc3 Nxe4 18. Bb6 Nxb6 19. Qxe4 Nc4 20. fxe5 c5 21. Qf4 f6 22. Qh6 Nxe5 23. Nxe5 fxe5 24. Bxb7 Qxb7 25. Rae1 Rf3 26. Kh2 Raf8 27. Rxf3 Qxf3 28. Qe3 Qxe3 29. Rxe3 Rf2+ 30. Kg1 Rxc2 31. Rxe5 Rxc3 32. Re6 Rxg3+ 33. Kh2 Ra3 34. Rxa6 b4 35. Ra8+ Kg7 36. a6 b3 37. Rb8 c4 38. Rb7+ Kh6 39. a7 Kg5 40.
h4+ Kg4 41. h5 gxh5 42. Rg7+ Kf3 43. Rg3+ Kf4 0-1

[Event "*** Titled Tuesday Blitz"]
[Site "Chess.com"]
[Date "2020.03.03"]
[Round "4"]
[White "DenishevM"]
[Black "Zarikovs1999"]
[Result "1-0"]
[WhiteElo "2589"]
[BlackElo "2362"]
[TimeControl "180+1"]
[EndTime "9:41:22 PST"]
[Termination "DenishevM won on time"]

1. d4 Nf6 2. c4 c5 3. d5 b5 4. Qc2 e6 5. e4 d6 6. Nf3 bxc4 7. Bxc4 exd5 8. exd5 Be7 9. O-O O-O 10. h3 Nbd7 11. Nc3 Nb6 12. b3 Nxc4 13. bxc4 g6 14. Rb1 Bf5 15.
Qb2 Bxb1 16. Qxb1 Qa5 17. Qd3 Rfe8 18. Bf4 Bf8 19. Ng5 Nh5 20. Bh2 Rad8 21. g4 Nf6 22.
Nce4 Nxe4 23. Nxe4 Be7 24. Rb1 Qxa2 25. Rb7 Qa1+ 26.
Kg2 Qd4 27. Qf3 Qg7 28. Rxa7 f5 29. Nxd6 fxg4 30. hxg4 Rf8 31. Qe4 Rxf2+ 32. Kxf2 Bh4+ 33. Kg2 Qxa7 34. Qe6+ Kg7 35. Be5+ Kf8 36. Bf6 1-0

[Event "*** Titled Tuesday Blitz"]
[Site "Chess.com"]
[Date "2020.03.03"]
[Round "4"]
[White "CheckThis4"]
[Black "DonPreuss"]
[Result "1-0"]
[WhiteElo "2559"]
[BlackElo "2184"]
[TimeControl "180+1"]
[EndTime "9:41:22 PST"]
[Termination "CheckThis4 won on time"]

1. d4 Nc6 2. Bg5 f6 3. Bh4 e5 4.
dxe5 Bc5 5. Nf3 Qe7 6. Nc3 Nxe5 7.
Nd5 Nxf3+ 8. gxf3 Qd8 9. e4 d6 10. Bc4 Bh3 11. Rg1 Qd7 12. b4 Bb6 13. a4 c6 14. Nxb6 axb6 15. Qd3 Nh6 16. f4 O-O-O 17. f5 Bxf5 18. exf5 Nxf5 19. O-O-O Nxh4 20. Qe4 d5 21. Qxh4 Qf5 22. Bd3 Qe5 23. Qd4 Qxd4 24. Bf5+ Kb8 25.
Rxd4 g6 26. Bd3 Rde8 27. Rf4 f5 28. h4 Re6 29. Kd2 Rhe8 30. h5 gxh5 31. Rxf5 Re5 32. Rxe5 Rxe5 33. Bxh7 d4 34. Bd3 c5 35. Rg8+ Ka7 36.
b5 Re6 37. Rh8 Rf6 38. Ke2 Re6+ 39. Kf1 Re5 40. f4 1-0

[Event "*** Titled Tuesday Blitz"]
[Site "Chess.com"]
[Date "2020.03.03"]
[Round "4"]
[White "Zkid"]
[Black "Jungle_Jaguar"]
[Result "1-0"]
[WhiteElo "2872"]
[BlackElo "2590"]
[TimeControl "180+1"]
[EndTime "9:41:25 PST"]
[Termination "Zkid won by checkmate"]

1. e4 e5 2. Nf3 Nc6 3. Bb5 a6 4. Ba4 Nf6 5. O-O Be7 6. d3 b5 7. Bb3 O-O 8. a3 d5 9. exd5 Nxd5 10. Re1 Bf6 11. Nbd2 Bg4 12. h3 Bh5 13. g4 Bg6 14. Ne4 Nf4 15. Bxf4 exf4 16. Nxf6+ Qxf6 17. d4 Rad8 18. c3 h5 19. Qe2 hxg4 20. hxg4 Na5 21. Ba2 c5 22. dxc5 Bd3 23. Qe7 Qxe7 24. Rxe7 Bc4 25.
b4 Bxa2 26. Rxa2 Rd1+ 27. Kg2 Nc4 28. a4 Rc1 29. axb5 axb5 30. Ng5 Rxc3 31. Raa7 f3+ 32.
Kg3 Nd2 33. Nxf7 Nf1+ 34. Kh4 Rc4 35. Ng5 Rff4 36. Rxg7+ Kf8 37. Ne6+ Ke8 38. Rge7# 1-0

[Event "*** Titled Tuesday Blitz"]
[Site "Chess.com"]
[Date "2020.03.03"]
[Round "4"]
[White "Dave_ChessMate"]
[Black "chigorin28"]
[Result "0-1"]
[WhiteElo "2443"]
[BlackElo "2667"]
[TimeControl "180+1"]
[EndTime "9:41:26 PST"]
[Termination "chigorin28 won by checkmate"]

1. e4 c5 2. Nc3 e6 3. f4 a6 4.
g3 b5 5. Bg2 Bb7 6. d3 d5 7.
exd5 exd5 8. Nf3 Be7 9. O-O Nf6 10. f5 O-O 11. Bf4 Re8 12. Qd2 Nc6 13. Rae1 Qd7 14.
Ne5 Nxe5 15. Bxe5 Rad8 16. h3 h6 17. g4 Nh7 18. d4 c4 19. Ne2 Bh4 20. Ng3 Rxe5 21.
dxe5 Bxg3 22. Re2 Qc7 23. Qd4 f6 24. e6 Ng5 25. e7 Re8 26. Bxd5+ Kh7 27. Kg2 Be5 28.
Qd2 Rxe7 29. h4 Nf7 30. Bf3 Nd6 31. g5 Nxf5 32. Bxb7 Qxb7+ 33. Kh3 Qc8 34. g6+ Kh8 35. Kg2 Nxh4+ 36. Kf2 Nxg6 37. Ke1 Nf8 38. Qb4 Qe8 39. Kd1 Nd7 40. Kc1 Bf4+ 41. Rxf4 Rxe2 42. b3 Qe5 43. Rh4 Qa1# 0-1

[Event "*** Titled Tuesday Blitz"]
[Site "Chess.com"]
[Date "2020.03.03"]
[Round "4"]
[White "Hamisandwich"]
[Black "Sunnika"]
[Result "1-0"]
[WhiteElo "2680"]
[BlackElo "2400"]
[TimeControl "180+1"]
[EndTime "9:41:27 PST"]
[Termination "Hamisandwich won on time"]

1. Nc3 Nf6 2. d3 d5 3. g3 c6 4.
Bg2 e5 5. Nf3 Bd6 6. O-O Bg4 7.
h3 Bh5 8. e4 dxe4 9. dxe4 O-O 10.
Bg5 Na6 11. g4 Bg6 12. Nh4 Re8 13. Nf5 Bb4 14. Qf3 Re6 15. Rfd1 Qc7 16. h4 Nc5 17. Re1 Ncd7 18. h5 Bxf5 19. exf5 Rd6 20. h6 Rd4 21. Bh3 e4 22. Nxe4 Bxe1 23. Rxe1 Nxe4 24. Rxe4 Rxe4 25. Qxe4 Qe5 26. Qd3 Nc5 27. Qa3 f6 28. Be3 b6 29.
b4 Rd8 30. bxc5 Rd1+ 31. Bf1 1-0

[Event "*** Titled Tuesday Blitz"]
[Site "Chess.com"]
[Date "2020.03.03"]
[Round "4"]
[White "HouseOfDurin"]
[Black "ChelsieMonica"]
[Result "0-1"]
[WhiteElo "2117"]
[BlackElo "2150"]
[TimeControl "180+1"]
[EndTime "9:41:35 PST"]
[Termination "ChelsieMonica won on time"]

1. d4 Nf6 2. Bg5 c5 3. Bxf6 exf6 4. c3 d6 5. g3 Be7 6. Bg2 O-O 7. e3 Nc6 8. Ne2 Bg4 9. h3 Bd7 10.
Nf4 Re8 11. O-O Bf8 12. Qd2 Qc8 13. Kh2 a5 14. Rd1 Rd8 15. Nd5 Ra6 16. c4 Ne7 17. Nbc3 Nxd5 18. Bxd5 Bxh3 19. dxc5 Bg4 20. f3 Bh5 21. g4 Bg6 22. cxd6 Raxd6 23. b3 h5 24. gxh5 Bxh5 25. Kg2 Qf5 26. Rh1 Rxd5 27. Nxd5 Bxf3+ 28. Kg1 Qg4+ 29. Kf1 Bxh1 30. Qf2 Bxd5 31. cxd5 Rxd5 32. Qg2 Rf5+ 33. Kg1 Qh5 34. Qh2 Rg5+ 0-1

[Event "*** Titled Tuesday Blitz"]
[Site "Chess.com"]
[Date "2020.03.03"]
[Round "4"]
[White "Shant_Sargsyan"]
[Black "nonscitis"]
[Result "1-0"]
[WhiteElo "3017"]
[BlackElo "2620"]
[TimeControl "180+1"]
[EndTime "9:41:37 PST"]
[Termination "Shant_Sargsyan won by resignation"]

1. e4 c5 2. Nf3 Nc6 3. Bb5 e6 4. O-O Nge7 5. Re1 f6 6. c3 a6 7. Bf1 d5 8. exd5 Nxd5 9. d4 cxd4 10. Nxd4 Nxd4 11. Qxd4 Be7 12. Nd2 O-O 13. Nf3 e5 14. Qe4 f5 15. Qxe5 Bf6 16. Qe2 b5 17. Rd1 Bb7 18.
a4 Qb6 19. axb5 axb5 20. Rxa8 Rxa8 21. Qxb5 Qxb5 22. Bxb5 Ra1 23. Be2 h6 24. Bd2 Ra2 25. Rb1 Kf8 26. Bc4 Ra4 27. Bb3 Ra7 28. Bc2 Bc8 29.
h3 g5 30. c4 Ne7 31. Be3 Rb7 32. Bd4 Kf7 33. Bxf6 Kxf6 34. b3 Nc6 35. Rd1 Ke7 36. Nd4 Nxd4 37. Rxd4 Ra7 38. Rd1 Ra2 39.
Rc1 Rb2 40. Kf1 f4 41. Ke1 g4 42. hxg4 Bxg4 43. Kd2 Ra2 44. Kc3 h5 45. f3 Be6 46.
Rh1 Bf7 47. Rh4 Ra1 48. Rxf4 Rg1 49. Re4+ Kf6 50. Re2 h4 51. c5 Be6 52. b4 Bd5 53. b5 1-0

[Event "*** Titled Tuesday Blitz"]
[Site "Chess.com"]
[Date "2020.03.03"]
[Round "4"]
[White "almaguerjm"]
[Black "Dixit_Nikhil"]
[Result "0-1"]
[WhiteElo "2333"]
[BlackElo "2540"]
[TimeControl "180+1"]
[EndTime "9:41:40 PST"]
[Termination "Dixit_Nikhil won by checkmate"]

1. d4 Nf6 2. Nc3 d5 3. Bf4 e6 4. e3 Bd6 5. Bd3 Bxf4 6. exf4 Nc6 7. Nge2 Nb4 8. a3 Nxd3+ 9. Qxd3 O-O 10. O-O a5 11. f3 b6 12. Rfe1 Ba6 13. Qe3 Qd6 14. g4 c5 15. Ng3 Nd7 16. Rad1 cxd4 17. Qxd4 Qc5 18. Kg2 Qxd4 19. Rxd4 Rfc8 20. f5 exf5 21.
Nxf5 Kf8 22. Rxd5 Nf6 23. Rde5 g6 24. Ng3 Rd8 25. g5 Rd2+ 26. Kg1 Nd7 27. Rd5 Rxd5 28.
Nxd5 Rc8 29. c3 Bb7 30. Nf6 Nxf6 31. gxf6 Bxf3 32. Kf2 Bb7 33. Re7 Bd5 34. Ne2 Rc6 35. Rd7 Rxf6+ 36. Ke3 Bc6 37. Rc7 Re6+ 38. Kd2 Bg2 39.
Nd4 Rd6 40. Ke3 h5 41. Kf4 h4 42. Kg5 h3 43. Ra7 Kg7 44. Kf4 Rf6+ 45. Ke5 Rf1 46.
Ne6+ Kh6 47. Nf4 f6+ 48. Kxf6 Rxf4+ 49. Ke5 Rf1 50. Ra6 Rh1 51. Rxb6 Rxh2 52. Kf4 Rh1 53. Kg3 Rf1 54. c4 Kh5 55. c5 g5 56. c6 Rf3+ 57.
Kh2 g4 58. c7 g3+ 59. Kg1 Rf1# 0-1

[Event "*** Titled Tuesday Blitz"]
[Site "Chess.com"]
[Date "2020.03.03"]
[Round "4"]
[White "viktorko131"]
[Black "Danfii"]
[Result "0-1"]
[WhiteElo "2112"]
[BlackElo "2392"]
[TimeControl "180+1"]
[EndTime "9:41:40 PST"]
[Termination "Danfii won on time"]

1. e4 e5 2. Nf3 Nc6 3. Bb5 a6 4. Ba4 Nf6 5. O-O b5 6. Bb3 Bc5 7. c3 d6 8. d4 Bb6 9. Be3 O-O 10. h3 h6 11. Nbd2 Re8 12. a4 Rb8 13. axb5 axb5 14. Re1 Bd7 15. dxe5 dxe5 16. Bxb6 Rxb6 17. Nf1 Rb8 18.
Ng3 Be6 19. Bxe6 Rxe6 20. Nf5 Kh7 21. Qb3 g6 22. Ng3 Qe7 23. Ra6 Nd4 24. Rxe6 Nxf3+ 25. gxf3 fxe6 26. Ra1 Nh5 27. Nxh5 gxh5 28. Ra6 Rg8+ 29.
Kf1 Rg6 0-1

[Event "*** Titled Tuesday Blitz"]
[Site "Chess.com"]
[Date "2020.03.03"]
[Round "4"]
[White "StockholmMissile"]
[Black "Ariadna_Atreides"]
[Result "1/2-1/2"]
[WhiteElo "2376"]
[BlackElo "2118"]
[TimeControl "180+1"]
[EndTime "9:41:41 PST"]
[Termination "Game drawn by repetition"]

1. e4 c5 2. Nf3 d6 3. d4 cxd4 4. Nxd4 Nf6 5. Nc3 Nc6 6. Bg5 e6 7. Qd2 a6 8. O-O-O Bd7 9. f4 Be7 10. Kb1 b5 11. Bxf6 gxf6 12. Nxc6 Bxc6 13. Bd3 Qb6 14.
Rhe1 O-O-O 15. g3 h5 16. Qe3 Qxe3 17. Rxe3 Rdg8 18. Be2 Bd8 19. Rxd6 Kc7 20. Rd2 Kb7 21. a3 Bb6 22. Red3 a5 23. Bf3 h4 24. g4 Bc7 25.
e5 b4 26. axb4 axb4 27. Ne4 fxe5 28. fxe5 Bxe5 29. Nc5+ Kb6 30. Nd7+ Bxd7 31. Rxd7 f6 32. Rb7+ Kc5 33. c3 bxc3 34. b4+ Kc4 35. Be2+ Kb3 36.
Bd1+ Kc4 37. Be2+ Kb3 38. Bd1+ Kc4 39. Be2+ 1/2-1/2

[Event "*** Titled Tuesday Blitz"]
[Site "Chess.com"]
[Date "2020.03.03"]
[Round "4"]
[White "GM_dmitrij"]
[Black "Eltaj_Safarli"]
[Result "0-1"]
[WhiteElo "2817"]
[BlackElo "3036"]
[TimeControl "180+1"]
[EndTime "9:41:42 PST"]
[Termination "Eltaj_Safarli won by resignation"]

1. e4 e5 2. Nf3 Nc6 3. Bc4 f6 4. d4 exd4 5. Nxd4 Nxd4 6. Qxd4 Ne7 7. O-O Nc6 8. Qd5 Ne5 9. Bb3 c6 10. Qd1 Bc5 11. Nc3 a5 12. Kh1 d6 13. f4 Ng4 14.
Qf3 Qe7 15. Bd2 Bd7 16. Rad1 Ba7 17. Ne2 O-O-O 18. Ng3 h5 19. Bxa5 Rde8 20. Bb4 Bc5 21. Bxc5 dxc5 22. h3 Kb8 23. Kg1 c4 24. Bxc4 Qc5+ 25.
Kh1 Bc8 26. Bb3 Ne3 27. Qf2 Qa7 28. Rd3 Nxf1 29. Qxf1 h4 30. Nf5 Bxf5 31. exf5 Re4 32. Be6 Qc5 33. c3 Qb6 34. b4 Rd8 35. Kh2 Rxd3 36.
Qxd3 Re1 37. Qd6+ Ka7 38. Qd4 Qxd4 39. cxd4 Re4 40. d5 cxd5 41. Bxd5 Rxb4 42. Be6 Rxf4 43. g3 Rf2+ 0-1

[Event "*** Titled Tuesday Blitz"]
[Site "Chess.com"]
[Date "2020.03.03"]
[Round "4"]
[White "iturrizaga"]
[Black "MartinCerveny"]
[Result "1-0"]
[WhiteElo "2964"]
[BlackElo "2617"]
[TimeControl "180+1"]
[EndTime "9:41:43 PST"]
[Termination "iturrizaga won by resignation"]

1. c4 c5 2. g3 Nc6 3. Bg2 g6 4. Nc3 Bg7 5. a3 a5 6. e3 e6 7.
Nge2 Nge7 8. O-O d5 9. cxd5 exd5 10. d4 cxd4 11. exd4 h6 12. Be3 O-O 13. Qb3 Be6 14. Rad1 g5 15. f4 g4 16. Na4 Nf5 17. Bf2 Qd6 18.
Rfe1 Rfb8 19. Nb6 a4 20. Nxa4 Na5 21. Qd3 Nc4 22. b3 Nxa3 23. Nc5 b6 24. Nxe6 fxe6 25. Nc3 Ra5 26. b4 Qxb4 27. Rxe6 Rf8 28. Nxd5 Qc4 29.
Qxc4 Nxc4 30. Nxb6 Nxb6 31. Rxb6 Ra4 32. d5 Nd4 33. Rg6 Nf3+ 34. Bxf3 gxf3 35. Bd4 Rxd4 36. Rxd4 Kf7 37. Rxg7+ Kxg7 38. Kf2 Ra8 39. d6 Kf7 40. d7 Rd8 41. Kxf3 1-0